 Dungeon Crawl Stone Soup version 0.28.0-53-g5a82cb258f (webtiles) character file.

Game seed: 10522630875375858076

7 Descartes the Scratcher (level 1, 0/9 HPs)
             Began as a Felid Wanderer on Aug 18, 2022.
             Slain by a ball python (2 damage)
             ... on level 1 of the Dungeon.
             The game lasted 00:01:20 (537 turns).

Descartes the Scratcher (Felid Wanderer)             Turns: 537, Time: 00:01:21

Health: 0/9        AC:  1    Str: 11    XL:     1   Next: 83%
Magic:  2/2        EV: 19    Int: 12    God:
Gold:   0          SH:  0    Dex: 13    Spells: 0/0 levels left
                                        Lives:  0   Deaths: 0

rFire   . . .      SeeInvis +     - Unarmed
rCold   . . .      Faith    .   (shield unavailable)
rNeg    . . .      Spirit   .   (armour unavailable)
rPois   .          Reflect  .   (helmet unavailable)
rElec   .          Harm     .   (cloak unavailable)
rCorr   .          Rampage  .   (gloves unavailable)
Will    .....                   (boots unavailable)
Stlth   ++........              (no amulet)
HPRegen 0.03/turn               d - +4 ring of evasion
MPRegen 0.08/turn               (no ring)

@: quick
A: very small, claws 1, fangs 3, see invisible, speed 1, shaggy fur 1, stealthy
paws, no weapons or thrown items, no armour, multi-lived
a: no special abilities


You were on level 1 of the Dungeon.
You visited 1 branch of the dungeon, and saw 1 of its levels.

Inventory:

Jewellery
 d - a +4 ring of evasion (left paw)
Wands
 c - a wand of flame (4) (quivered)
Scrolls
 a - 2 scrolls of blinking
 b - a scroll of vulnerability


   Skills:
 + Level 1.2 Fighting
 + Level 0.6 Dodging
 + Level 1.7 Stealth
 + Level 5.0 Unarmed Combat
 + Level 3.4 Evocations


You couldn't memorise any spells.
You didn't know any spells.
Your spell library was empty.

Dungeon Overview and Level Annotations

Branches:
Dungeon (1/15)

Altars:

Shops:
D:1 *?


Innate Abilities, Weirdness & Mutations

You have sharp claws.
You have razor-sharp teeth.
You have supernaturally acute eyesight. (SInv)
You cover ground quickly. (Speed+)
You are covered in fur. (AC +1)
Your paws help you pounce on unaware monsters.
You are incapable of wielding weapons or throwing items.
You cannot wear armour.
You gain extra lives every three experience levels.


Message History

The bat hits you.
* * * LOW HITPOINT WARNING * * *
The ball python misses you. The ball python closely misses you.
The bat closely misses you.
The ball python completely misses you. x2
The bat completely misses you.
Unknown command.
The bat hits you.
* * * LOW HITPOINT WARNING * * *
The bat barely misses you.
You barely miss the bat. The bat barely misses you.
The bat completely misses you.
You completely miss the bat. The bat misses you.
You scratch the bat.
You kill the bat!
There is an open door here.
A goblin comes into view. It is wielding a +0 club.
A rat comes into view.
An endoplasm comes into view.
The goblin shouts!
The endoplasm quivers.
Found 9 gold pieces.
The goblin barely misses you.
You barely miss the rat. Your bite misses the rat. The rat misses you.
The goblin misses you. The rat closely misses you.
The ball python closely misses you. The ball python grabs you.
The ball python constricts you.
* * * LOW HITPOINT WARNING * * *
You escape the ball python's grasp.
Found 17 stones.
Unknown command.
You see here 17 stones.
You open the door.
Found a runed orb.
There is an open door here.
A hobgoblin comes into view.
The rat twitches its whiskers.
The hobgoblin shouts!
You closely miss the hobgoblin. The ball python completely misses you.
The ball python closely misses you. The hobgoblin barely misses you.
You closely miss the hobgoblin. The ball python bites you.
You die...

####### #.....# #.....#
###########.....#
#.....g@S##....[# #+#
#.######..#.....###.####
#....##.......'.J.....
#.##..##......###.###.
#..##..####...# #.#
##.†.....####..# #S#
##..##.#...###..# #.#
##...#..##...##..# #.#
##..#.#..###...#..# #r#


You could see a hobgoblin and a ball python.

Vanquished Creatures
  A ball python (D:1)
  A bat (D:1)
  An endoplasm (D:1)
  A kobold (D:1)
  A frilled lizard (D:1)
  A rat (D:1)
6 creatures vanquished.

Notes
Turn   | Place    | Note
-------+----------+-------------------------------------------
     0 | D:1      | Descartes the Felid Wanderer began the quest for the Orb.
     0 | D:1      | Descartes set off with the following items: 2 scrolls of
                  | blinking, a scroll of vulnerability, a wand of flame (4)
     0 | D:1      | Reached XP level 1. HP: 9/9 MP: 2/2
   420 | D:1      | Found Exu Othaom's General Store.
   451 | D:1      | Found Can Ujof's Magic Scroll Shoppe.
   537 | D:1      | Slain by a ball python

Illustrated notes

Levels and vault maps discovered:
D:1:      dpeg_chamrin_arrival_tetris, layout_basic, serial_shops,
          nicolae_square_shop, shop, nicolae_shop_behind_doors,
          nicolae_shop_advertising_works [nicolae_subvault_shop_adworks]

Action                   || total
-------------------------++-------
Melee: Unarmed           ||    28
       Bite              ||     2
Armor: Skin              ||     3
Dodge: Dodged            ||    44
